 Dungeon Crawl Stone Soup version 0.21.1-1-g345015fe64 (webtiles) character file.

3353 chimenez the Grappler (level 9, -13/124 HPs)
             Began as a Troll Fighter on Apr 1, 2018.
             Was an Elder of Okawaru.
             Mangled by Grum
             ... wielding a -2 spear
              (16 damage)
             ... on level 8 of the Dungeon.
             The game lasted 00:18:57 (6926 turns).

chimenez the Grappler (Troll Fighter)               Turns: 6926, Time: 00:18:57

Health: -13/124    AC:  8    Str: 31    XL:     9   Next: 72%
Magic:  0/12       EV: 11    Int:  4    God:    Okawaru [****..]
Gold:   191        SH:  0    Dex: 12    Spells: 8/8 levels left

rFire    + . .     SeeInvis .     - Unarmed
rCold    x . .     Gourm    +   (no shield)
rNeg     . . .     Faith    .   p - +0 robe (curse)
rPois    +         Spirit   +   (helmet restricted)
rElec    .         Reflect  .   J - +2 cloak {rPois}
rCorr    .         Harm     .   (gloves unavailable)
MR       .....                  (boots unavailable)
Stlth    ..........             u - amulet of guardian spirit
HPRegen  0.70/turn              H - ring of fire
MPRegen  0.13/turn              (no ring)

@: berserking, very quick
A: large, unfitting armour, claws 3, fast metabolism 3, gourmand, regeneration
1, shaggy fur 1, tough skin 2
a: Heroism, Renounce Religion


You were on level 8 of the Dungeon.
You worshipped Okawaru.
Okawaru was greatly pleased with you.
You were very full.

You visited 1 branch of the dungeon, and saw 8 of its levels.
You also visited: Ossuary.

You collected 387 gold pieces.
You spent 196 gold pieces at shops.

Inventory:

Hand Weapons
 k - a +0 whip of electrocution
 C - a +1 broad axe of electrocution
 I - the +2 spear of Faonuf {pain, +Inv rC+ SInv}
   (You found it on level 4 of the Dungeon)

   In the hands of one skilled in necromantic magic, it inflicts extra damage on
   living creatures.
   It protects you from cold.
   It lets you see invisible.
   It lets you turn invisible.
 M - the +9 falchion "Enlouskest" {flame, rN+ Int-5 Dex+2}
   (You found it on level 6 of the Dungeon)

   It has been specially enchanted to burn those struck by it, causing extra
   injury to most foes and up to half again as much damage against particularly
   susceptible opponents.
   Big, fiery blades are also staple armaments of hydra-hunters.
   It affects your intelligence (-5).
   It affects your dexterity (+2).
   It protects you from negative energy.
Missiles
 l - 161 stones
 L - 13 tomahawks (quivered)
 N - 5 tomahawks of returning
Armour
 a - a +0 robe
 p - a cursed +0 robe (worn)
 G - a +0 cloak
 J - a +2 cloak of poison resistance (worn)
Jewellery
 u - an amulet of guardian spirit (around neck)
 H - a ring of fire (left claw)
 K - an uncursed ring of wizardry {unknown}
 O - an uncursed amulet of the gourmand {unknown}
Wands
 q - a wand of polymorph (4)
 D - a wand of iceblast (11)
Scrolls
 f - 2 scrolls of enchant armour
 h - 10 scrolls of remove curse
 i - 2 scrolls of noise
 j - 3 scrolls of blinking
 o - 4 scrolls of magic mapping
 t - a scroll of summoning
 y - 6 scrolls of fear
 B - 2 scrolls of identify
 E - 2 scrolls of teleportation
 Q - a scroll of holy word {unknown}
Potions
 b - a potion of magic
 c - 2 potions of might
 g - 3 potions of lignification
 m - a potion of agility {unknown}
 n - 2 potions of degeneration
 r - 2 potions of invisibility
 s - a potion of ambrosia {unknown}
 v - a potion of brilliance {unknown}
 w - 2 potions of cancellation {unknown}
 x - 4 potions of curing {unknown}
 z - 5 potions of heal wounds {unknown}
 A - 2 potions of berserk rage
 F - 2 potions of haste {unknown}
Books
 e - a book of Maledictions

   Spells                             Type                      Level
   a - Corona                         Hexes                        1
   b - Ensorcelled Hibernation        Hexes/Ice                    2
   c - Confuse                        Hexes                        3
   d - Tukima's Dance                 Hexes                        3
   e - Dazzling Spray                 Conjuration/Hexes            3
Comestibles
 d - 10 rations
 P - 6 chunks of flesh


   Skills:
 + Level 3.2 Fighting
 + Level 1.6 Long Blades
 + Level 5.5 Throwing
 + Level 3.2 Dodging
   Level 2.4 Shields
 * Level 10.0 Unarmed Combat
 + Level 5.4 Invocations


You had 8 spell levels left.
You didn't know any spells.

Dungeon Overview and Level Annotations

Branches:
Dungeon (8/15)             Temple (0/1) D:5
   Lair: D:8-11

Altars:
Dithmenos
Elyvilon
Gozag
Nemelex Xobeh
Okawaru
Ru
Uskayaw
Xom
Zin
The Shining One

Shops:
D:7 ?

Annotations:
D:8 Grum


Innate Abilities, Weirdness & Mutations

You are too large for most types of armour.
You have claws for hands.
Your metabolism is lightning-fast.
You like to eat raw meat.
Your natural rate of healing is unusually fast.
You are covered in fur. (AC +1)
You have very tough skin. (AC +2)


Message History

The wolf closely misses you.
You mangle the wolf!!
You kill the wolf!
Okawaru accepts your kill. Grum hits you from afar with a spear!
* * * LOW HITPOINT WARNING * * *
The wolf bites you!
* * * LOW HITPOINT WARNING * * *
The wolf bites you!
* * * LOW HITPOINT WARNING * * *
You see here 4 gold pieces.
Unknown command.
You are too berserk!
You mangle Grum!!
Grum is heavily wounded.
Grum misses you. The wolf closely misses you.
You mangle Grum!!
Grum is almost dead.
The wolf bites you but does no damage. Grum hits you with a spear!
You die...

.. ##. ... ..##
#..# ..#######
#g.......
#@h.....#
#######.#######
........# #####
.####...##....#
#......# ##
##....## #.#
#)...# ..
#....## #.#
##(....##


You could see Grum and a wolf.

Vanquished Creatures
  The ghost of BrokenGlass the Skirmisher, a novice OpWn of Cheibriados (D:4)
  A hippogriff (D:7)
  Sigmund (D:5)
  A black bear (D:7)
  A phantom (D:7)
  2 ice beasts
  2 wolves (D:8)
  An ogre (D:5)
  2 centaurs
  4 bullfrogs
  6 scorpions (Ossuary)
  A water moccasin skeleton (D:7)
  2 howler monkeys
  5 centaur zombies (Ossuary)
  A bullfrog zombie (D:6)
  4 hounds
  4 human zombies (Ossuary)
  A jelly (D:5)
  2 orc priests
  A centaur skeleton (D:5)
  Crazy Yiuf (D:4)
  Jessica (D:3)
  A bullfrog skeleton (D:4)
  Ijyb (D:3)
  3 iguanas
  8 worker ants
  3 mummies (Ossuary)
  A worker ant zombie (D:5)
  4 gnolls (D:5)
  3 howler monkey skeletons
  9 adders
  2 scorpion zombies (Ossuary)
  2 shadow imps
  An ooze (D:2)
  An adder zombie (D:5)
  2 adder skeletons
  3 worms
  4 dart slugs
  5 leopard geckos
  21 orcs
  4 giant cockroaches
  8 goblins
  5 hobgoblins
  10 jackals
  9 kobolds
  A quokka (D:5)
  2 ball pythons (D:1)
  7 bats
  8 frilled lizards
  A goblin zombie (Ossuary)
  A hobgoblin zombie (Ossuary)
  2 kobold zombies (Ossuary)
  An orc zombie (Ossuary)
  8 rats
186 creatures vanquished.

Notes
Turn   | Place    | Note
-------+----------+-------------------------------------------
     0 | D:1      | chimenez the Troll Fighter began the quest for the Orb.
     0 | D:1      | Reached XP level 1. HP: 22/22 MP: 0/0
    75 | D:1      | Reached XP level 2. HP: 25/29 MP: 1/1
   167 | D:1      | Reached skill level 3 in Unarmed Combat
   431 | D:1      | Reached XP level 3. HP: 36/36 MP: 2/2
   864 | D:2      | Reached skill level 4 in Unarmed Combat
   899 | D:2      | Reached XP level 4. HP: 43/44 MP: 3/3
   969 | D:2      | Found a shadowy altar of Dithmenos.
   988 | D:2      | Found an iron altar of Okawaru.
  1008 | D:2      | Became a worshipper of Warmaster Okawaru
  1281 | D:2      | Found a sparkling altar of Nemelex Xobeh.
  1337 | D:3      | Found a shimmering altar of Xom.
  1349 | D:3      | Noticed Jessica
  1357 | D:3      | Killed Jessica
  1367 | D:3      | Reached skill level 5 in Unarmed Combat
  1953 | D:3      | Reached XP level 5. HP: 50/50 MP: 4/4
  1966 | D:3      | Found a glowing golden altar of the Shining One.
  1967 | D:3      | Found a glowing silver altar of Zin.
  1968 | D:3      | Found a white marble altar of Elyvilon.
  2045 | D:3      | Noticed Ijyb
  2049 | D:3      | Killed Ijyb
  2049 | D:3      | Reached skill level 1 in Throwing
  2136 | D:4      | Found a sand-covered staircase.
  2141 | Ossuary  | Entered an ossuary
  2158 | Ossuary  | Reached skill level 1 in Invocations
  2186 | Ossuary  | Reached XP level 6. HP: 43/59 MP: 4/6
  2194 | Ossuary  | Reached * piety under Okawaru
  2232 | Ossuary  | Reached skill level 6 in Unarmed Combat
  2398 | Ossuary  | Reached XP level 7. HP: 43/66 MP: 7/7
  2528 | Ossuary  | Reached ** piety under Okawaru
  2528 | Ossuary  | Reached skill level 7 in Unarmed Combat
  3325 | D:4      | Noticed BrokenGlass's ghost (novice OpWn)
  3377 | D:5      | Entered Level 5 of the Dungeon
  3393 | D:5      | Noticed Sigmund
  3405 | D:5      | Killed Sigmund
  3405 | D:5      | Reached XP level 8. HP: 73/74 MP: 7/9
  3560 | D:5      | Found a staircase to the Ecumenical Temple.
  4138 | D:5      | Reached skill level 8 in Unarmed Combat
  4340 | D:4      | Killed BrokenGlass's ghost
  4340 | D:4      | Reached *** piety under Okawaru
  4345 | D:4      | Reached skill level 9 in Unarmed Combat
  4376 | D:4      | Found a runed door.
  4380 | D:4      | Noticed Crazy Yiuf
  4384 | D:4      | Killed Crazy Yiuf
  4451 | D:4      | Got a transparent spear
  4895 | D:4      | Found a sacrificial altar of Ru.
  5183 | D:6      | Reached XP level 9. HP: 57/80 MP: 7/11
  5229 | D:6      | Found an iron altar of Okawaru.
  5366 | D:6      | Identified the +2 spear of Faonuf {pain, +Inv rC+ SInv} (You found it on level 4 of the Dungeon)
  5465 | D:6      | Found a hide-covered altar of Uskayaw.
  5527 | D:6      | Reached skill level 5 in Throwing
  5648 | D:6      | Got a twisted falchion
  6098 | D:7      | Identified the +9 falchion "Enlouskest" {flame, rN+ Int-5 Dex+2} (You found it on level 6 of the Dungeon)
  6164 | D:7      | Reached **** piety under Okawaru
  6164 | D:7      | Reached skill level 5 in Invocations
  6274 | D:7      | Received a gift from Okawaru
  6446 | D:7      | Found Ysaodit's Magic Scroll Emporium.
  6463 | D:7      | Bought a scroll of teleportation for 42 gold pieces
  6463 | D:7      | Bought a scroll of blinking for 105 gold pieces
  6463 | D:7      | Bought a scroll of fear for 49 gold pieces
  6479 | D:7      | Reached skill level 1 in Long Blades
  6629 | D:7      | Found a sparkling altar of Nemelex Xobeh.
  6629 | D:7      | Found an opulent altar of Gozag.
  6912 | D:8      | Noticed Grum
  6918 | D:8      | Reached skill level 10 in Unarmed Combat
  6924 | D:8      | HP: 3/124 [wolf[Grum] (7)]
  6926 | D:8      | Mangled by Grum

Skill      XL: |  1  2  3  4  5  6  7  8  9 |
---------------+----------------------------+-----
Unarmed Combat | 3 4 5 6 7 9 10 | 10.0
Throwing       | 1 2 3 4 5 |  5.5
Invocations    | 1 2 3 4 5 |  5.4
Long Blades    | 1 |  1.6
Fighting       | 3 |  3.2
Dodging        | 3 |  3.2
Shields        | |  2.4

Action                   |  1- 3 |  4- 6 |  7- 9 || total
-------------------------+-------+-------+-------++-------
Melee: Unarmed           |   121 |   134 |   320 ||   575
       Punch             |     1 |     3 |    18 ||    22
Throw: Stone             |       |       |     4 ||     4
Invok: Heroism           |       |       |     1 ||     1
  Use: Scroll            |       |     5 |    11 ||    16
       Potion            |       |       |     1 ||     1
 Stab: Sleeping          |       |     1 |     2 ||     3
  Eat: Chunk             |    14 |    13 |    38 ||    65
       Ration            |       |       |     1 ||     1
Armor: Robe              |    41 |    27 |    77 ||   145
Dodge: Dodged            |    40 |    52 |   155 ||   247
Block: Shield            |    26 |       |       ||    26
